 Dungeon Crawl Stone Soup version 0.28.0-47-ge53b351184 (webtiles) character file.

Game seed: 3379343617574599085

191 bobregger the Cudgeller (level 5, -6/81 HPs)
             Began as an Ogre Berserker on May 4, 2022.
             Was a Believer of Trog.
             Killed from afar by a steam dragon (12 damage)
             ... with a ball of steam
             ... on level 4 of the Dungeon.
             The game lasted 00:03:45 (4001 turns).

bobregger the Cudgeller (Ogre Berserker)            Turns: 4001, Time: 00:03:45

Health: -6/81      AC:  3    Str: 21    XL:     5   Next: 70%
Magic:  5/5        EV: 10    Int:  8    God:    Trog [**....]
Gold:   107        SH:  0    Dex: 10    Spells: 4/4 levels left

rFire   . . .      SeeInvis .   j - +3 whip
rCold   + . .      Faith    .   (no shield)
rNeg    . . .      Spirit   .   b - +0 animal skin
rPois   .          Reflect  .   (helmet restricted)
rElec   .          Harm     .   (no cloak)
rCorr   .          Rampage  .   (gloves unavailable)
Will    .....                   (boots unavailable)
Stlth   ..........              (no amulet)
HPRegen 0.23/turn               k - ring of protection from cold
MPRegen 0.09/turn               (no ring)

@: berserking, very quick
A: large, unfitting armour, tough skin 1
a: Renounce Religion, Berserk, Trog's Hand


You were on level 4 of the Dungeon.
You worshipped Trog.
Trog was pleased with you.
You visited 2 branches of the dungeon, and saw 5 of its levels.

You collected 107 gold pieces.

Inventory:

Hand Weapons
 j - a +3 whip (weapon)
Armour
 b - a +0 animal skin (worn)
Jewellery
 k - a ring of protection from cold (left hand)
Scrolls
 a - a scroll of blinking {unknown}
 c - 2 scrolls of identify {unknown}
 d - a scroll of holy word {unknown}
 e - a scroll of vulnerability {unknown}
 h - a scroll of fear {unknown}
 l - a scroll of teleportation {unknown}
Potions
 f - a potion of haste {unknown}
 g - a potion of might {unknown}
 i - a potion of cancellation {unknown}


   Skills:
 - Level 4.0 Fighting
 + Level 5.6 Maces & Flails
 - Level 2.6 Dodging


You had 4 spell levels left.
You didn't know any spells.
Your spell library was empty.

Dungeon Overview and Level Annotations

Branches:
Dungeon (4/15)             Temple (1/1) D:4

Altars:
Xom

Shops:
D:1 :


Innate Abilities, Weirdness & Mutations

You are too large for most types of armour.
You have tough skin. (AC +1)


Message History

You start resting.
HP restored.
A kobold comes into view. It is wielding a +0 short sword.
The kobold shouts!
The kobold moves out of view.
A kobold is nearby!
Found 11 gold pieces.
Found an escape hatch in the floor.
The kobold closely misses you.
A steam dragon comes into view.
You closely miss the kobold. The kobold barely misses you.
The steam dragon hisses angrily.
You whack the kobold!
You kill the kobold!
Trog accepts your kill. The steam dragon breathes steam at you.
The ball of steam hits you!!
You hear a shout!
You see here a +0 short sword.
You are engulfed in a cloud of scalding steam.
You are engulfed in a cloud of scalding steam.
You barely miss the steam dragon.
You are engulfed in a cloud of scalding steam.
The steam dragon bites you.
* * * LOW HITPOINT WARNING * * *
The steam dragon claws you.
* * * LOW HITPOINT WARNING * * *
Okay, then.
A red film seems to cover your vision as you go berserk!
You feel yourself moving faster!
You feel mighty!
You are engulfed in a cloud of scalding steam.
* * * LOW HITPOINT WARNING * * *
The steam dragon bites you.
* * * LOW HITPOINT WARNING * * *
The steam dragon claws you.
* * * LOW HITPOINT WARNING * * *
You whack the steam dragon!
The steam dragon is moderately wounded.
The steam dragon breathes steam at you. The ball of steam hits you!
You die...

... ... .. .. ..... #>..#
#$§.# #.§.# .... ###.D.#
... #####...@.## ..
.....#..§..## .
#........§§..#
##..##.#.§§§.#########
......#....#####.....######
.#......#...#.....#...#.
####.#...⌠....>....⌠...
........###...#.....#...##
.55...... #####.....#####


You could see a steam dragon (catching breath).

Vanquished Creatures
  Menkaure (D:4)
  4 lemures
  An adder (D:2)
  4 dart slugs
  2 orcs
  4 endoplasms
  A giant cockroach (D:2)
  7 goblins
  5 hobgoblins
  4 jackals (D:1)
  A quokka (D:3)
  5 ball pythons
  4 bats
  5 frilled lizards
  9 kobolds
  11 rats
68 creatures vanquished.

Notes
Turn   | Place    | Note
-------+----------+-------------------------------------------
     0 | D:1      | bobregger the Ogre Berserker began the quest for the Orb.
     0 | D:1      | Reached XP level 1. HP: 24/24 MP: 1/1
   273 | D:1      | Reached skill level 3 in Maces & Flails
   406 | D:1      | Found a faded altar of an unknown god.
   451 | D:1      | Reached XP level 2. HP: 27/32 MP: 2/2
  1028 | D:1      | Found Kuiwot's Book Emporium.
  1511 | D:2      | Reached ** piety under Trog
  1512 | D:2      | Reached XP level 3. HP: 39/39 MP: 3/3
  1663 | D:2      | Reached skill level 4 in Maces & Flails
  2308 | D:2      | Reached XP level 4. HP: 47/48 MP: 4/4
  2962 | D:4      | Found a staircase to the Ecumenical Temple.
  2977 | D:4      | Noticed Menkaure
  2981 | D:4      | Killed Menkaure
  2982 | D:4      | Reached skill level 5 in Maces & Flails
  2982 | D:4      | Reached XP level 5. HP: 54/54 MP: 5/5
  3050 | D:4      | Noticed a lemure
  3050 | D:4      | Noticed a lemure
  3066 | Temple   | Entered the Ecumenical Temple
  3081 | Temple   | Killed a lemure
  3240 | Temple   | Killed a lemure
  3597 | D:4      | Noticed a lemure
  3598 | D:4      | Noticed a lemure
  3630 | Temple   | Killed a lemure
  3848 | D:4      | Killed a lemure
  3993 | D:4      | Noticed a steam dragon
  4001 | D:4      | Killed from afar by a steam dragon

Illustrated notes

Levels and vault maps discovered:
D:1:      dpeg_arrival_prison, layout_loops_ring, serial_shops, shop,
          shapermc_ecumenical_altar_rom_forum, minmay_crystal_room,
          hangedman_decor_growths
D:2:      layout_loops_ring, grunt_decor_one_mirror
D:3:      layout_rooms, st_stairs_6, nicolae_underground_beach
D:4:      layout_loops_cross, eat_drink_and_be_merry_uskayaw,
          minmay_temple_entry_antechambers, eino_small_chamber_without_monster,
          uniq_pikel, uniq_menkaure
Temple:   regret_index_temple_waves

Skill      XL: |  1  2  3  4 |
---------------+-------------+-----
Maces & Flails | 3 4 5 |  5.6
Fighting       | |  4.0
Dodging        | |  2.6

Action                   |  1- 3 |  4- 6 || total
-------------------------+-------+-------++-------
Melee: Mace              |    58 |       ||    58
       Whip              |    72 |   105 ||   177
       Punch             |       |     3 ||     3
Invok: Berserk           |       |     3 ||     3
Armor: Animal skin       |    35 |    23 ||    58
Dodge: Dodged            |    72 |    42 ||   114
